 Dungeon Crawl Stone Soup version 0.17-a0-18-gc25b939 (webtiles) character file.

60 Pikaro the Grave Robber (level 3, -3/24 HPs)
             Began as a Vampire Necromancer on Mar 6, 2015.
             Slain by a worm (10 damage)
             ... on level 2 of the Dungeon.
             The game lasted 00:07:17 (4014 turns).

Pikaro the Grave Robber (Vampire Necromancer)       Turns: 4014, Time: 00:07:17

Health: -3/24      AC:  3    Str:  7    XL:     3   Next: 82%
Magic:  6/6        EV: 12    Int: 18    God:
Gold:   75         SH:  0    Dex: 14    Spells: 3 memorised, 1 level left

rFire  . . .     SeeInvis +     (no weapon)
rCold  . . .     Clarity  .     h - +0 leather armour
rNeg   + . .     SustAb   .     (no shield)
rPois  .         Gourm    .     (no helmet)
rElec  .         Spirit   .     (no cloak)
rCorr  .         Warding  .     (no gloves)
rMut   .         Stasis   .     (no boots)
MR     .....                    (no amulet)
Stlth  ++........               (no ring)
                                (no ring)

@: not resistant to hostile enchantments, unstealthy
A: bottle blood, fangs 3, see invisible, unbreathing
a: Bat Form


You were on level 2 of the Dungeon.
You were not thirsty.

You visited 1 branch of the dungeon, and saw 2 of its levels.

You collected 75 gold pieces.

Inventory:

Armour
 h - a +0 leather armour (worn)
   (You took it off a hobgoblin on level 1 of the Dungeon)
Potions
 a - a potion of brilliance {unknown}
 c - 6 potions of blood {@q1}
 d - a potion of resistance {unknown}
 e - a potion of heal wounds {unknown}
 g - 2 potions of curing {unknown}
Books
 b - a book of Necromancy


   Skills:
 - Level 2.1 Dodging
 - Level 3.0 Stealth
 - Level 2.0 Spellcasting
 + Level 6.0 Necromancy


You had one spell level left.
You knew the following spells:

 Your Spells              Type           Power        Failure   Level  Hunger
a - Pain                  Necr           ###.         1%          1    #......
A - Animate Skeleton      Necr           N/A          1%          1    #......
B - Vampiric Draining     Necr           ###.......   10%         3    ###....


Dungeon Overview and Level Annotations

Branches:
Dungeon (2/15)

Altars:


Innate Abilities, Weirdness & Mutations

You can bottle blood from corpses.
You have razor-sharp teeth.
You have supernaturally acute eyesight.
You can survive without breathing.


Message History

The adder convulses in agony!
The adder misses you.
You take 1 damage, and have 22/24 hp.
You now have 4/6 mp.
Spoiler Alert: The adder is fast and can poison!
Aim: an adder (severely wounded, chance 87%)
The adder convulses in agony!
The adder bites you.
You take 3 damage, and have 19/24 hp.
You now have 3/6 mp.
Aim: an adder (severely wounded, chance 87%)
The adder convulses in agony!
You kill the adder!
Your Necromancy skill increases to level 6!
You take 1 damage, and have 18/24 hp.
You now have 2/6 mp.
You see here an adder corpse.
You bottle the corpse's blood.
c - 6 potions of blood {@q1} (gained 1) Memorise Animate Skeleton, consuming 1 spell level and leaving 4?
You start memorising the spell.
You continue memorising.
You finish memorising.
Spell assigned to 'A'.
Memorise Vampiric Draining, consuming 3 spell levels and leaving 1?
You start memorising the spell.
You continue memorising.
You continue memorising. x2
You finish memorising.
Spell assigned to 'B'.
You now have 64 gold pieces (gained 12).
You start resting.
A hobgoblin comes into view. It is wielding a club.
You regained 3 hp, and now have 22/24 hp.
MP restored: 6; Total turns waited: 44
There are monsters nearby!
The hobgoblin shouts!
The hobgoblin closely misses you.
You hit the hobgoblin. The hobgoblin closely misses you.
You barely miss the hobgoblin. Your bite misses the hobgoblin.
The hobgoblin hits you with a club.
You take 3 damage, and have 20/24 hp.
You hit the hobgoblin but do no damage.
The hobgoblin hits you but does no damage.
You closely miss the hobgoblin.
You bite the hobgoblin, but do no damage.
You are feeling thirsty.
The hobgoblin hits you with a club.
You take 1 damage, and have 19/24 hp.
You hit the hobgoblin. You barely miss the hobgoblin.
The hobgoblin barely misses you.
You hit the hobgoblin.
You kill the hobgoblin!
No target in view! a club; a hobgoblin corpse You bottle the corpse's blood.
c - 7 potions of blood {@q1} (gained 1); a club; a hobgoblin skeleton Drink which item? (? for menu, Esc to quit)
Yummy - fresh blood!
You start resting.
Health restored: 24; Total turns waited: 52 You now have 75 gold pieces (gained 11).
A kobold comes into view.
The kobold shouts!
The kobold throws a stone.
The stone hits you but does no damage.
You see here a stone.
The kobold hits you.
You take 3 damage, and have 21/24 hp.
You hit the kobold.
You kill the kobold!
No target in view!
No target in view!
You start resting.
A worm comes into view.
Spoiler Alert: The worm (wandering) can hit for moderate damage in melee!
Total turns waited: 6
There are monsters nearby! 4 stones; a kobold corpse Spoiler Alert: The worm (wandering) can hit for moderate damage in melee!
Spoiler Alert: The worm (wandering) can hit for moderate damage in melee!
Spoiler Alert: The worm (wandering) can hit for moderate damage in melee!
Spoiler Alert: The worm (wandering) can hit for moderate damage in melee!
The worm bites you.
You take 3 damage, and have 18/24 hp.
Spoiler Alert: The worm can hit for moderate damage in melee!
You hit the worm but do no damage. You hit the worm.
The worm closely misses you.
You hit the worm but do no damage. The worm misses you.
You hit the worm. You hit the worm but do no damage.
The worm closely misses you.
You hit the worm but do no damage.
Spoiler Alert: The worm can hit for moderate damage in melee!
You hit the worm. You bite the worm. The worm bites you.
You take 6 damage, and have 12/24 hp.
MASSIVE DAMAGE!!
You hit the worm. The worm misses you.
You hit the worm but do no damage. You barely miss the worm.
The worm barely misses you.
Spoiler Alert: The worm can hit for moderate damage in melee!
You hit the worm but do no damage. You hit the worm.
The worm barely misses you.
You hit the worm. The worm bites you.
* * * LOW HITPOINT WARNING * * *
You take 5 damage, and have 7/24 hp.
MASSIVE DAMAGE!!
Spoiler Alert: The worm can hit for moderate damage in melee!
You barely miss the worm. You hit the worm. The worm bites you!
You die...

#......# #......#####
#........(.#
#.......##.#
#.......##(#
#.......##.#
#######.#.....##.#######
...................>...+
.....##.########@##.####
####.##.# #w# ..
####.##.########.## .#
..........)........ ..#
####.##.########.##...#
#.##.# #.##...## #.##.#
... #..##...##### #.##.#
#...##..##........
#.##.# #...##... ......#


You could see a worm.

Vanquished Creatures
  2 adders (D:2)
  2 giant geckos (D:1)
  4 goblins (D:1)
  5 hobgoblins
  8 jackals
  A ball python (D:2)
  5 bats
  5 giant newts (D:1)
  5 kobolds
  4 rats
41 creatures vanquished.

Notes
Turn   | Place    | Note
--------------------------------------------------------------
     0 | D:1      | Pikaro, the Vampire Necromancer, began the quest for the Orb.
     0 | D:1      | Reached XP level 1. HP: 13/13 MP: 3/3
   179 | D:1      | HP: 2/13 [giant gecko (3)]
   544 | D:1      | Reached XP level 2. HP: 4/19 MP: 1/4
   575 | D:1      | Reached skill level 5 in Necromancy
  2333 | D:1      | Reached XP level 3. HP: 11/24 MP: 6/6
  3840 | D:2      | Reached skill level 6 in Necromancy
  3848 | D:2      | Learned a level 1 spell: Animate Skeleton
  3852 | D:2      | Learned a level 3 spell: Vampiric Draining
  4014 | D:2      | Slain by a worm

Action                   || total
-------------------------++-------
Melee: Unarmed           ||   207
 Cast: Pain              ||    24
  Use: Potion            ||     6
       Scroll            ||     2
 Stab: Sleeping          ||     2

Vault maps used:
D:1:      dpeg_arrival_three_same_balls, hex_large, baited_tele_trap
D:2:      first_bread

Table legend:
 A = Turns spent in this place as a percentage of turns spent in the entire game.
 B = Non-inter-level travel turns spent in this place as a percentage of non-inter-level travel turns spent in the entire game.
 C = Inter-level travel turns spent in this place as a percentage of turns spent in this place.
 D = Turns resting spent in this place as a percentage of non-inter-level travel turns spent in this place.
 E = Turns spent auto-exploring this place as a percentage of non-inter-level travel turns spent in this place.
 F = Non-inter-level travel turns spent in this place divided by the number of levels of this place that you've seen.
                   A       B       C       D       E      F
               +-------+-------+-------+-------+-------+----------------------
         Total | 100.0 | 100.0 |   0.2 |  11.4 |   4.6 | 314.5
       Dungeon | 100.0 | 100.0 |   0.2 |  11.4 |   4.6 | 314.5
               +-------+-------+-------+-------+-------+----------------------

Table legend:
 A = Kills in this place as a percentage of kills in entire the game.
 B = Kills by you in this place as a percentage of kills by you in the entire game.
 C = Kills by friends in this place as a percentage of kills by friends in the entire game.
 D = Other kills in this place as a percentage of other kills in the entire game.
 E = Experience gained in this place as a percentage of experience gained in the entire game.
 F = Experience gained in this place divided by the number of levels of this place that you have seen.
                   A       B       C       D       E      F
               +-------+-------+-------+-------+-------+----------------------
         Total | 100.0 | 100.0 |  -nan |  -nan | 100.0 |  43.5
       Dungeon | 100.0 | 100.0 |  -nan |  -nan | 100.0 |  43.5
               +-------+-------+-------+-------+-------+----------------------
